[Event "January 9 Late 2024"]
[Site "https://www.chess.com"]
[Date "2024.01.09"]
[Round "4"]
[White "Bellahcene, Bilel"]
[Black "Seemann, Jakub"]
[Result "1-0"]
[Board "60"]
[TimeControl "180+1"]
[WhiteFideId "696358"]
[BlackFideId "21874697"]
[WhiteElo "2570"]
[BlackElo "2831"]
[WhiteTeam "ALG"]
[BlackTeam "POL"]
[WhiteClock "0:00:15"]
[BlackClock "0:00:00"]

1. e4 c6 2. d4 d5 3. e5 Bf5 4. g4 Bg6 5. Ne2 e6 6. Nf4 Be7 7. Nxg6 hxg6 8. c3 Nd7 9. Be3 Bg5 10. f4 Bh4+ 11. Kd2 Ne7 12. Kc2 g5 13. fxg5 Ng6 14. Qd2 c5 15. Bd3 cxd4 16. cxd4 Ndf8 17. Nc3 a6 18. Raf1 Nh7 19. Bxg6 fxg6 20. Qd3 Nf8 21. Bd2 Bxg5 22. Qf3 Kd7 23. Qf7+ Be7 24. Qxg7 Rh7 25. Qg8 Rh3 26. Rf7 Kc6 27. Kb1 Kb6 28. Qg7 Rh7 29. Qg8 Rh3 30. Rf2 Rc8 31. Qf7 Rh7 32. Qf3 Qd7 33. Qd3 Ka7 34. h3 Bb4 35. Rhf1 Re8 36. Nxd5 Qxd5 37. Bxb4 Nd7 38. Bd6 Rc8 39. Rf3 Ka8 40. Qxg6 Rhh8 41. Qd3 Nb6 42. b3 Nd7 43. Kb2 Nb6 44. Re3 Rhd8 45. Rd1 Nd7 46. Qe4 Qb5 47. a4 Qb6 48. Rdd3 Nb8 49. Rc3 Nc6 50. Bc5 Qc7 51. Re2 Qf7 52. Rec2 Rh8 53. Bb6 Rcf8 54. Rxc6 bxc6 55. Qxc6+ Qb7 56. Qd6 Rc8 57. Bc5 Rb8 58. Qxe6 Rhe8 59. Qc4 Rbc8 60. e6 1-0

[Event "January 9 Late 2024"]
[Site "https://www.chess.com"]
[Date "2024.01.09"]
[Round "4"]
[White "Dourerassou, Jonathan"]
[Black "Tabuenca Mendataurigoitia, Daniel"]
[Result "0-1"]
[Board "61"]
[TimeControl "180+1"]
[WhiteFideId "628050"]
[BlackFideId "24563617"]
[WhiteElo "2830"]
[BlackElo "2567"]
[WhiteTeam "FRA"]
[BlackTeam "ESP"]
[WhiteClock "0:01:19"]
[BlackClock "0:00:07"]

1. d4 d6 2. Nc3 Nf6 3. e4 e5 4. dxe5 dxe5 5. Qxd8+ Kxd8 6. Bg5 Bd6 7. O-O-O Be6 8. Nb5 Ke7 9. Nxd6 cxd6 10. f3 Nd7 11. b3 Rac8 12. Ne2 h6 13. Bh4 Nb6 14. Kb2 g5 15. Bf2 d5 16. exd5 Nfxd5 17. c4 Nf4 18. g3 Nxe2 19. Bxe2 Rhd8 20. h4 Rxd1 21. Bxd1 Rg8 22. hxg5 hxg5 23. g4 Nc8 24. Bc5+ Ke8 25. Bc2 b6 26. Be3 Ne7 27. Rh5 f6 28. Rh7 Bf7 29. c5 bxc5 30. Bxc5 Ng6 31. Bxa7 Nf4 32. Be4 Ke7 33. Bc5+ Ke6 34. Bf5+ Kd5 35. Rxf7 Kxc5 36. Rxf6 Rh8 37. Kc3 Nd5+ 38. Kd3 Nxf6 39. a3 Rd8+ 40. Kc3 Nd5+ 41. Kd3 Ra8 42. Ke4 Rxa3 43. Kxe5 Rxb3 44. Be4 Nc3 45. Bf5 Nb5 46. Be4 Nd6 47. Ba8 Rb8 48. Be4 Rf8 49. Bf5 Kc6 50. Ke6 Kc7 51. Ke5 Nxf5 52. gxf5 Kd7 53. f6 Rf7 54. Kf5 Kd6 55. Kxg5 Ke6 56. f4 Rxf6 57. Kg4 Rf5 58. Kg3 Rf7 59. Kf3 Kf5 60. Kg3 Rg7+ 61. Kf3 Rg4 62. Ke3 Rxf4 63. Ke2 Ke4 64. Kd2 Rf3 65. Kd1 Re3 66. Kc1 Rd3 67. Kc2 Kd4 68. Kb2 Rc3 69. Ka2 Kc4 70. Kb2 Kb4 71. Kb1 Kb3 72. Ka1 Rc1# 0-1

[Event "January 9 Late 2024"]
[Site "https://www.chess.com"]
[Date "2024.01.09"]
[Round "4"]
[White "Hajiyev, Kanan"]
[Black "Troff, Kayden"]
[Result "0-1"]
[Board "62"]
[TimeControl "180+1"]
[WhiteFideId "13404148"]
[BlackFideId "2047896"]
[WhiteElo "2564"]
[BlackElo "2825"]
[WhiteTeam "AZE"]
[BlackTeam "USA"]
[WhiteClock "0:00:04"]
[BlackClock "0:00:56"]

1. d4 Nf6 2. Nf3 g6 3. g3 Bg7 4. Bg2 O-O 5. O-O d5 6. b3 c5 7. Bb2 Ne4 8. Nbd2 Nc6 9. e3 Bf5 10. Nh4 e6 11. Nxf5 exf5 12. c3 Qa5 13. Nxe4 dxe4 14. Qe2 Rfd8 15. h4 Rac8 16. g4 cxd4 17. exd4 Re8 18. Rfe1 Kh8 19. g5 Ne7 20. c4 b5 21. d5 bxc4 22. Bxg7+ Kxg7 23. bxc4 Qb4 24. Rac1 Rc5 25. Red1 Rec8 26. d6 Nc6 27. d7 Rd8 28. f3 Qb6 29. Kh1 exf3 30. Bxf3 Ne5 31. Bg2 Rxd7 32. Rxd7 Nxd7 33. Bd5 Qc7 34. Qe7 Rxd5 35. cxd5 Qxc1+ 36. Kh2 Qd2+ 37. Kh3 Qd3+ 38. Kh2 Qxd5 39. h5 Qe5+ 40. Qxe5+ Nxe5 41. h6+ Kf8 42. a4 Ke7 43. a5 f6 44. a6 fxg5 0-1

[Event "January 9 Late 2024"]
[Site "https://www.chess.com"]
[Date "2024.01.09"]
[Round "4"]
[White "Carnicelli, Valerio"]
[Black "Rustemov, Alexander"]
[Result "0-1"]
[Board "63"]
[TimeControl "180+1"]
[WhiteFideId "856185"]
[BlackFideId "4119002"]
[WhiteElo "2564"]
[BlackElo "2818"]
[WhiteTeam "ITA"]
[BlackTeam "RUS"]
[WhiteClock "0:00:12"]
[BlackClock "0:01:15"]

1. b3 d5 2. Bb2 Bf5 3. d3 Nf6 4. Nf3 e6 5. g3 h6 6. Bg2 Be7 7. O-O O-O 8. Nbd2 c5 9. c4 Nc6 10. cxd5 exd5 11. Ne5 Nxe5 12. Bxe5 Qd7 13. Rc1 Rac8 14. d4 Ng4 15. Nf3 c4 16. bxc4 dxc4 17. h3 Nf6 18. Qd2 Bxh3 19. Bxh3 Qxh3 20. Qa5 a6 21. Qb6 Qd7 22. Rb1 c3 23. Rfc1 Ba3 24. Rc2 Nd5 25. Qxb7 Qxb7 26. Rxb7 Nb4 27. Rxb4 Bxb4 28. d5 Rfd8 29. e4 f5 30. exf5 Rxd5 31. f6 gxf6 32. Bxf6 Rf8 33. Bxc3 Rc8 34. Rd2 Rxd2 35. Bxd2 Bxd2 36. Nxd2 Rc2 37. Ne4 Rxa2 38. Kg2 a5 39. Kh3 a4 40. Kh4 a3 0-1

[Event "January 9 Late 2024"]
[Site "https://www.chess.com"]
[Date "2024.01.09"]
[Round "4"]
[White "Velikanov, Alexander"]
[Black "Lin, Bryan Enming"]
[Result "1-0"]
[Board "64"]
[TimeControl "180+1"]
[WhiteFideId "2039290"]
[BlackFideId "30987121"]
[WhiteElo "2800"]
[BlackElo "2563"]
[WhiteTeam "USA"]
[BlackTeam "USA"]
[WhiteClock "0:01:58"]
[BlackClock "0:00:35"]

1. e4 e5 2. Nf3 Nc6 3. Bc4 Nf6 4. Nc3 Nxe4 5. O-O Nxc3 6. dxc3 f6 7. Nh4 Ne7 8. Bd3 g6 9. f4 exf4 10. Bxf4 Bg7 11. c4 O-O 12. c5 d5 13. cxd6 cxd6 14. Bxd6 Qb6+ 15. Kh1 Qd8 16. Re1 Re8 17. Bc4+ Kh8 18. Bxe7 1-0

[Event "January 9 Late 2024"]
[Site "https://www.chess.com"]
[Date "2024.01.09"]
[Round "4"]
[White "Wafa, Hamed"]
[Black "Cruz Mendez, Jean Marco"]
[Result "1-0"]
[Board "65"]
[TimeControl "180+1"]
[WhiteFideId "10628452"]
[BlackFideId "3526402"]
[WhiteElo "2792"]
[BlackElo "2563"]
[WhiteTeam "EGY"]
[BlackTeam "CUB"]
[WhiteClock "0:00:45"]
[BlackClock "0:01:03"]

1. e4 c5 2. Nf3 d6 3. Bb5+ Nd7 4. d4 cxd4 5. Qxd4 Nf6 6. Nc3 e5 7. Qd3 Be7 8. Bg5 O-O 9. Bxd7 Qxd7 10. O-O a6 11. Bxf6 Bxf6 12. Nd5 Bd8 13. Rfd1 f5 14. exf5 Qxf5 15. Qxf5 Bxf5 16. Ne3 Be7 17. Nxf5 Rxf5 18. Nd2 Kf7 19. Ne4 Ke6 20. c4 Rc8 21. b3 Rff8 22. a4 Rfd8 23. Nc3 g6 24. Nd5 Bf8 25. f3 Rc5 26. a5 Rdc8 27. Kf2 Bg7 28. Ra4 Rf8 29. Ke2 Bf6 30. Rb4 Rxa5 31. Rxb7 Ra2+ 32. Rd2 Rxd2+ 33. Kxd2 e4 34. fxe4 Bd4 35. Re7# 1-0

[Event "January 9 Late 2024"]
[Site "https://www.chess.com"]
[Date "2024.01.10"]
[Round "4"]
[White "Kandil, Ahmed"]
[Black "Tatarinov, Dmitry"]
[Result "1-0"]
[Board "66"]
[TimeControl "180+1"]
[WhiteFideId "10628401"]
[BlackFideId "24160067"]
[WhiteElo "2561"]
[BlackElo "2791"]
[WhiteTeam "EGY"]
[BlackTeam "RUS"]
[WhiteClock "0:01:59"]
[BlackClock "0:01:37"]

1. e4 e5 2. Nf3 Nc6 3. Bb5 a6 4. Ba4 Nf6 5. O-O Bc5 6. c3 b5 7. Bc2 d6 8. d4 Bb6 9. a4 Rb8 10. a5 Ba7 11. Be3 exd4 12. Nxd4 Nxd4 13. cxd4 O-O 14. h3 Re8 15. Nc3 b4 16. Nd5 Nxe4 17. Qb1 Bf5 18. f3 c6 19. fxe4 cxd5 20. Rxf5 b3 21. Bd3 dxe4 22. Bc4 Rb4 23. Bxf7+ Kh8 1-0

[Event "January 9 Late 2024"]
[Site "https://www.chess.com"]
[Date "2024.01.09"]
[Round "4"]
[White "Badmatsyrenov, Oleg"]
[Black "Erzhanov, Arman"]
[Result "1-0"]
[Board "67"]
[TimeControl "180+1"]
[WhiteFideId "24115762"]
[BlackFideId "4138821"]
[WhiteElo "2785"]
[BlackElo "2557"]
[WhiteTeam "FID"]
[BlackTeam "KAZ"]
[WhiteClock "0:00:45"]
[BlackClock "0:01:05"]

1. e4 d6 2. d4 Nf6 3. Nc3 c6 4. f4 d5 5. e5 Ng8 6. Be3 g6 7. Qd2 h5 8. O-O-O Nh6 9. Kb1 Bf5 10. Nf3 e6 11. h3 h4 12. Bf2 Be7 13. Re1 Nd7 14. Nd1 Be4 15. Be2 Nf5 16. Nc3 Bxf3 17. Bxf3 Qa5 18. Qd3 a6 19. Bg4 c5 20. dxc5 Nxc5 21. Bxc5 Bxc5 22. Bxf5 gxf5 23. Nxd5 exd5 24. Qxf5 Rh6 25. e6 Rxe6 26. Rxe6+ fxe6 27. Qxe6+ Be7 28. Re1 Qc5 29. Qg8+ Kd7 30. Qxa8 Qb4 31. c3 Qb5 32. Qg8 Qd3+ 33. Ka1 Bd6 34. Qe6+ Kc7 35. f5 d4 36. cxd4 Qxd4 37. f6 Kb8 38. Qe8+ Ka7 39. Qe3 1-0

[Event "January 9 Late 2024"]
[Site "https://www.chess.com"]
[Date "2024.01.09"]
[Round "4"]
[White "Maltsevskaya, Aleksandra"]
[Black "Sokolovsky, Yahli"]
[Result "0-1"]
[Board "68"]
[TimeControl "180+1"]
[WhiteFideId "24174041"]
[BlackFideId "2820242"]
[WhiteElo "2557"]
[BlackElo "2778"]
[WhiteTeam "POL"]
[BlackTeam "ISR"]
[WhiteClock "0:00:02"]
[BlackClock "0:00:13"]

1. Nf3 Nf6 2. g3 c5 3. Bg2 Nc6 4. O-O b6 5. d3 Bb7 6. e4 d6 7. Nbd2 g6 8. a4 Bg7 9. Nc4 O-O 10. e5 dxe5 11. Nfxe5 Qc7 12. Nxc6 Bxc6 13. Bf4 Qb7 14. Bxc6 Qxc6 15. Re1 Nd5 16. Bd2 Rad8 17. Qf3 Nb4 18. Qxc6 Nxc6 19. Bc3 Rfe8 20. Kg2 Nd4 21. Bxd4 cxd4 22. f4 Rc8 23. Kf3 Rc6 24. Re4 e6 25. b3 a6 26. Ra2 Rec8 27. Re2 h5 28. Ke4 Kf8 29. Ne5 Rd6 30. Nc4 Rdc6 31. b4 b5 32. axb5 axb5 33. Na5 Ra6 34. Rb2 Ke8 35. Nb3 Rd6 36. Nc5 Rd5 37. Ra2 Bf8 38. Nb3 Rcd8 39. Ra7 Bxb4 40. Rb7 R8d7 41. Rxd7 Kxd7 42. Nxd4 f5+ 43. Ke3 Bc5 44. c3 b4 45. Kf3 bxc3 46. Nxe6 Rxd3+ 47. Kg2 Be7 48. Ng5 Rd2 49. Kf2 Bxg5 50. fxg5 Rxe2+ 51. Kxe2 Ke6 52. Kd3 f4 53. gxf4 Kf5 54. Kxc3 Kxf4 55. Kd4 Kxg5 56. Ke3 Kh4 57. Kf3 Kh3 0-1

[Event "January 9 Late 2024"]
[Site "https://www.chess.com"]
[Date "2024.01.09"]
[Round "4"]
[White "Krzyzanowski, Marcin"]
[Black "Van Dael, Siem"]
[Result "1-0"]
[Board "69"]
[TimeControl "180+1"]
[WhiteFideId "1132199"]
[BlackFideId "1049771"]
[WhiteElo "2771"]
[BlackElo "2556"]
[WhiteTeam "POL"]
[BlackTeam "NED"]
[WhiteClock "0:01:18"]
[BlackClock "0:00:30"]

1. d4 Nf6 2. Nc3 d5 3. Bf4 Bf5 4. f3 h6 5. g4 Bh7 6. h4 e6 7. e3 Bd6 8. Nge2 Bxf4 9. Nxf4 g5 10. hxg5 hxg5 11. Nfe2 Nbd7 12. Qd2 Qe7 13. Nb5 Nb6 14. O-O-O a6 15. Na3 O-O-O 16. Qa5 Qd6 17. Nc3 Qc6 18. Bd3 Bxd3 19. cxd3 Kb8 20. Kb1 Nbd7 21. Na4 Ka7 22. Rxh8 Rxh8 23. Rc1 b6 24. Rxc6 bxa5 25. Rxc7+ Kb8 26. Rc1 Rh3 27. Rf1 e5 28. Nc2 e4 29. dxe4 dxe4 30. fxe4 Nxe4 31. Kc1 Ndf6 32. Nc5 Nxc5 33. dxc5 Nxg4 34. Rxf7 Nxe3 35. Nd4 Nc4 36. Nc6+ Kc8 37. Na7+ Kb8 38. c6 Rh8 39. c7+ 1-0

[Event "January 9 Late 2024"]
[Site "https://www.chess.com"]
[Date "2024.01.09"]
[Round "4"]
[White "Siddharth, Jagadeesh"]
[Black "Leenhouts, Koen"]
[Result "1/2-1/2"]
[Board "70"]
[TimeControl "180+1"]
[WhiteFideId "5818320"]
[BlackFideId "1008439"]
[WhiteElo "2761"]
[BlackElo "2554"]
[WhiteTeam "SGP"]
[BlackTeam "NED"]
[WhiteClock "0:00:10"]
[BlackClock "0:00:05"]

1. e4 e5 2. Nf3 d6 3. d4 exd4 4. Nxd4 Nf6 5. Nc3 Be7 6. g3 O-O 7. Bg2 c6 8. O-O Nbd7 9. h3 Nc5 10. Re1 a5 11. Bf4 Re8 12. Qd2 Bf8 13. Rad1 Qb6 14. Nb3 Ne6 15. Bxd6 Bxd6 16. Qxd6 a4 17. Nd5 Nxd5 18. exd5 axb3 19. axb3 h6 20. dxe6 Bxe6 21. Ra1 Rxa1 22. Rxa1 Rd8 23. Qf4 Qd4 24. Qxd4 Rxd4 25. Bf1 g5 26. g4 Rd2 27. Rc1 b5 28. Bg2 c5 29. Be4 Rd4 30. Bf3 Rd2 31. Kf1 Kg7 32. Ke1 Rd6 33. Rd1 Ra6 34. Bd5 Ra2 35. Bxe6 fxe6 36. Rd7+ Kf6 37. Rc7 c4 38. bxc4 Rxb2 39. cxb5 Rxb5 40. Kd2 Rb1 41. Rc3 Ke5 42. Re3+ Kd5 43. c4+ Kd6 44. Rc3 Rh1 45. c5+ Kc6 46. Ke2 Ra1 47. Re3 Ra2+ 48. Kf3 Kd5 49. Rc3 Ra6 50. Ke3 Rc6 51. Rd3+ Ke5 52. Rc3 Kd5 53. Ra3 Rxc5 54. Ra8 Rc3+ 55. Ke2 Rxh3 56. f3 Rh2+ 57. Ke3 h5 58. gxh5 Rxh5 59. Ra5+ Kd6 60. Ke4 Ke7 61. f4 Kf6 62. Rxg5 Rxg5 63. fxg5+ Kxg5 64. Ke5 Kg6 65. Kxe6 1/2-1/2

[Event "January 9 Late 2024"]
[Site "https://www.chess.com"]
[Date "2024.01.09"]
[Round "4"]
[White "Grutter, Tim"]
[Black "Bardyk, Artem"]
[Result "0-1"]
[Board "71"]
[TimeControl "180+1"]
[WhiteFideId "1057472"]
[BlackFideId "34349979"]
[WhiteElo "2554"]
[BlackElo "2753"]
[WhiteTeam "NED"]
[BlackTeam "RUS"]
[WhiteClock "0:00:03"]
[BlackClock "0:00:08"]

1. Nf3 d5 2. e3 Nf6 3. b3 Bf5 4. Bb2 e6 5. Be2 c6 6. O-O Nbd7 7. c4 h6 8. d3 Be7 9. a3 a5 10. Nbd2 O-O 11. Rc1 Bh7 12. Qc2 Bd6 13. Qb1 e5 14. Qa1 Qe7 15. cxd5 cxd5 16. d4 e4 17. Ne5 Rfc8 18. Bb5 Nf8 19. Rfd1 Ne6 20. a4 Bf5 21. Nf1 Nc7 22. Ng3 Be6 23. Be2 g6 24. Rc2 Na6 25. Rdc1 Rxc2 26. Rxc2 Nb4 27. Rc1 h5 28. Bb5 h4 29. Ne2 h3 30. g3 Nd3 31. Nxd3 exd3 32. Bxd3 Bg4 33. Nf4 Bxf4 34. exf4 Re8 35. Ba3 Qe6 36. Bb2 Bf5 37. Qb1 Ng4 38. Rf1 Bxd3 39. Qxd3 Qe2 40. Qb1 Qf3 0-1

[Event "January 9 Late 2024"]
[Site "https://www.chess.com"]
[Date "2024.01.09"]
[Round "4"]
[White "Goltsev, Dmitry"]
[Black "Yurasov, Matfey"]
[Result "1-0"]
[Board "72"]
[TimeControl "180+1"]
[WhiteFideId "24176710"]
[BlackFideId "55617603"]
[WhiteElo "2752"]
[BlackElo "2553"]
[WhiteTeam "RUS"]
[BlackTeam "FID"]
[WhiteClock "0:00:12"]
[BlackClock "0:00:01"]

1. e4 e5 2. Nf3 Nf6 3. Nxe5 d6 4. Nf3 Nxe4 5. d3 Nf6 6. d4 d5 7. c4 Bd6 8. Nc3 O-O 9. Be2 dxc4 10. Bxc4 Re8+ 11. Be3 Ng4 12. O-O Nc6 13. Bxf7+ Kxf7 14. Ng5+ Kg6 15. h4 Nf6 16. h5+ Nxh5 17. g4 Rxe3 18. gxh5+ Kxg5 19. fxe3 Kh6 20. Ne4 Qh4 21. Nxd6 Qg3+ 22. Kh1 Qh3+ 23. Kg1 Qxe3+ 24. Rf2 cxd6 25. Rc1 Bg4 26. Qxg4 Qxc1+ 27. Kh2 Re8 28. Rg2 Re7 29. Qf5 g6 30. Rxg6+ 1-0

[Event "January 9 Late 2024"]
[Site "https://www.chess.com"]
[Date "2024.01.09"]
[Round "4"]
[White "Chirilov, James A"]
[Black "Srdanovic, Jovana"]
[Result "0-1"]
[Board "73"]
[TimeControl "180+1"]
[WhiteFideId "30976677"]
[BlackFideId "954810"]
[WhiteElo "2746"]
[BlackElo "2552"]
[WhiteTeam "USA"]
[BlackTeam "SRB"]
[WhiteClock "0:00:00"]
[BlackClock "0:00:46"]

1. e4 c5 2. Nf3 Nf6 3. e5 Nd5 4. d4 cxd4 5. Qxd4 e6 6. Nc3 Nc6 7. Qg4 Nxc3 8. bxc3 Qa5 9. Bd2 Nxe5 10. Nxe5 Qxe5+ 11. Be2 h5 12. Qf3 Bd6 13. g3 Qf6 14. Qd3 Bc5 15. O-O h4 16. Kg2 b6 17. Bf3 d5 18. c4 Ba6 19. Bxd5 exd5 20. Rae1+ Kf8 21. Qxd5 Rd8 22. Qe4 Qe7 23. Qf3 Bb7 0-1

[Event "January 9 Late 2024"]
[Site "https://www.chess.com"]
[Date "2024.01.09"]
[Round "4"]
[White "Leitao, Rafael"]
[Black "Aliakbarov, Anar"]
[Result "1-0"]
[Board "74"]
[TimeControl "180+1"]
[WhiteFideId "2101246"]
[BlackFideId "13401858"]
[WhiteElo "2746"]
[BlackElo "2551"]
[WhiteTeam "BRA"]
[BlackTeam "TUR"]
[WhiteClock "0:01:18"]
[BlackClock "0:00:01"]

1. c4 e6 2. g3 d5 3. Bg2 Nf6 4. Nf3 Be7 5. O-O O-O 6. b3 c5 7. cxd5 Nxd5 8. d4 Nc6 9. Bb2 b6 10. dxc5 Bxc5 11. Nc3 Nxc3 12. Bxc3 Ba6 13. Qc2 Rc8 14. Qb2 f6 15. b4 Nxb4 16. Bxb4 Bxb4 17. Qxb4 Bxe2 18. Rfe1 Bc4 19. Rad1 Qc7 20. Nd4 Bxa2 21. Nxe6 Bxe6 22. Rxe6 Rcd8 23. Rde1 Rf7 24. Re8+ 1-0

[Event "January 9 Late 2024"]
[Site "https://www.chess.com"]
[Date "2024.01.09"]
[Round "4"]
[White "Pasti, Aron"]
[Black "Koellner, Ruben Gideon"]
[Result "1-0"]
[Board "75"]
[TimeControl "180+1"]
[WhiteFideId "785857"]
[BlackFideId "12993093"]
[WhiteElo "2551"]
[BlackElo "2746"]
[WhiteTeam "HUN"]
[BlackTeam "GER"]
[WhiteClock "0:00:46"]
[BlackClock "0:00:02"]

1. e4 d6 2. d4 Nf6 3. Nc3 e5 4. Nf3 Nbd7 5. Bc4 Be7 6. O-O c6 7. a4 h6 8. Re1 Qc7 9. h3 Nf8 10. b4 g5 11. Bb2 Ng6 12. Ne2 g4 13. hxg4 Bxg4 14. dxe5 dxe5 15. Ng3 Bxb4 16. Re3 Rd8 17. Rd3 Rxd3 18. cxd3 Nh4 19. d4 Bxf3 20. gxf3 Rg8 21. dxe5 Nh5 22. Kh2 Nf4 23. Qb3 Bc5 24. Rd1 Bxf2 25. Bxf7+ Qxf7 26. Rd8+ Kxd8 27. Qxf7 Bxg3+ 28. Kh1 Rg6 29. e6 Rxe6 30. Bf6+ Rxf6 31. Qxf6+ Kc8 32. Qh8+ Kc7 33. Qg7+ Kb6 34. Qxg3 Nhg6 35. Qe1 h5 36. e5 Kc7 37. Qb4 Kd7 38. Qd6+ Ke8 39. e6 Nd5 40. Qd7+ Kf8 41. Qf7# 1-0

[Event "January 9 Late 2024"]
[Site "https://www.chess.com"]
[Date "2024.01.09"]
[Round "4"]
[White "Serban, Cristian-Stefan"]
[Black "Yuan, Qingyu"]
[Result "0-1"]
[Board "76"]
[TimeControl "180+1"]
[WhiteFideId "1241443"]
[BlackFideId "8609772"]
[WhiteElo "2551"]
[BlackElo "2745"]
[WhiteTeam "ROU"]
[BlackTeam "CHN"]
[WhiteClock "0:00:00"]
[BlackClock "0:00:48"]

1. Nf3 d5 2. e3 c5 3. b3 f6 4. d4 e6 5. Bb2 Nc6 6. Nbd2 cxd4 7. exd4 Bd6 8. Be2 Nge7 9. O-O O-O 10. c4 b6 11. Rc1 Bb7 12. Re1 Qd7 13. Bd3 Rae8 14. a3 g6 15. Nf1 Kg7 16. Rc2 g5 17. Rce2 Ng6 18. cxd5 exd5 19. Rxe8 Rxe8 20. g3 Rxe1 21. Qxe1 Nce7 22. Ne3 Bc6 23. a4 a5 24. Qb1 b5 25. axb5 Bxb5 26. Bf5 Qb7 27. Bc3 Qb6 28. Qa1 Bc7 29. Ne1 Be8 30. Bc2 Bf7 31. Nd3 Qb5 32. Nc5 Bb6 33. Bd3 Qc6 34. Qa4 Qc7 35. Qb4 axb4 0-1

[Event "January 9 Late 2024"]
[Site "https://www.chess.com"]
[Date "2024.01.09"]
[Round "4"]
[White "Sadovsky, Artem"]
[Black "Mekhitarian, Krikor Sevag"]
[Result "0-1"]
[Board "77"]
[TimeControl "180+1"]
[WhiteFideId "4155840"]
[BlackFideId "2107660"]
[WhiteElo "2550"]
[BlackElo "2736"]
[WhiteTeam "FID"]
[BlackTeam "BRA"]
[WhiteClock "0:00:00"]
[BlackClock "0:00:06"]

1. Nf3 d5 2. e3 c5 3. b3 a6 4. Bb2 Nc6 5. Be2 Bg4 6. O-O e6 7. d4 Nf6 8. Nbd2 Rc8 9. a3 cxd4 10. exd4 Bd6 11. Ne5 Bxe2 12. Qxe2 O-O 13. f4 Qc7 14. Ndf3 Ne4 15. c4 f6 16. Nxc6 bxc6 17. g3 Rb8 18. c5 Be7 19. b4 a5 20. Nd2 f5 21. Nxe4 fxe4 22. Qg4 Rf5 23. Bc3 Bf6 24. Rab1 a4 25. Qe2 g5 26. fxg5 Bxg5 27. b5 cxb5 28. Rxb5 Rxb5 29. Qxb5 Qf7 30. Rxf5 Qxf5 31. Qf1 Kf7 32. Qe2 Ke7 33. c6 Kd6 34. Bb4+ Kc7 35. Ba5+ Kxc6 36. Qa6+ Kd7 37. Qb5+ Ke7 38. Qb7+ Kf8 39. Bb4+ Kg8 40. Qc8+ Kg7 41. Qd7+ Kg6 42. Qe8+ Qf7 0-1

[Event "January 9 Late 2024"]
[Site "https://www.chess.com"]
[Date "2024.01.09"]
[Round "4"]
[White "Garayev, Kanan"]
[Black "Zarnicki, Pablo"]
[Result "0-1"]
[Board "78"]
[TimeControl "180+1"]
[WhiteFideId "13406671"]
[BlackFideId "100137"]
[WhiteElo "2729"]
[BlackElo "2541"]
[WhiteTeam "AZE"]
[BlackTeam "ARG"]
[WhiteClock "0:00:21"]
[BlackClock "0:00:58"]

1. d4 Nf6 2. g3 g6 3. Bg2 d5 4. Nf3 Bg7 5. O-O O-O 6. c4 dxc4 7. Ne5 Ng4 8. Nxg4 Bxg4 9. Bxb7 Nd7 10. Bxa8 Qxa8 11. f3 Bh3 12. Re1 c5 13. Be3 Rd8 14. dxc5 Bxb2 15. Nd2 c3 16. Ne4 Nxc5 17. Qc2 Nxe4 18. Qxe4 Qxe4 19. fxe4 c2 20. Rac1 Bxc1 21. Rxc1 Rc8 22. Bxa7 Ra8 23. Bc5 Rxa2 24. Bxe7 f5 25. e5 Kf7 26. Bg5 Ke6 27. Kf2 Kxe5 28. Ke3 Bg2 29. Bf4+ Kf6 30. h4 Be4 31. Kd2 Ke6 32. Kc3 Kd5 33. Kb3 Ra7 34. Kc3 Rb7 35. Bg5 Ke6 36. Bf4 Kf6 37. Bg5+ Kg7 38. Bf4 h6 39. Be5+ Kh7 40. Kd2 g5 41. hxg5 hxg5 42. Bd4 Kg6 43. Be3 Kh5 44. Ra1 Kg4 45. Rc1 Rd7+ 46. Ke1 Rd5 47. Kf2 Rd1 0-1

[Event "January 9 Late 2024"]
[Site "https://www.chess.com"]
[Date "2024.01.09"]
[Round "4"]
[White "Weetik, Vjacheslav"]
[Black "Rangel, Daniel"]
[Result "1-0"]
[Board "79"]
[TimeControl "180+1"]
[WhiteFideId "4153472"]
[BlackFideId "2124475"]
[WhiteElo "2729"]
[BlackElo "2537"]
[WhiteTeam "RUS"]
[BlackTeam "BRA"]
[WhiteClock "0:00:11"]
[BlackClock "0:00:03"]

1. d4 Nf6 2. c4 e6 3. g3 d5 4. Nf3 Be7 5. Bg2 O-O 6. O-O a5 7. Nbd2 c6 8. Qc2 b6 9. e4 Bb7 10. e5 Nfd7 11. h4 Na6 12. Rd1 Nb4 13. Qb1 dxc4 14. Nxc4 h6 15. Nfd2 Nd5 16. Ne4 c5 17. Ncd6 Bc6 18. Qd3 cxd4 19. Qxd4 Nb4 20. Qc4 Nxe5 21. Qc3 Nd7 22. a3 Bxe4 23. Nxe4 Nd5 24. Qf3 Qc7 25. Bd2 N7f6 26. Rac1 Qa7 27. Nxf6+ Bxf6 28. Bxh6 gxh6 29. Rxd5 Bxb2 30. Qg4+ Kh8 31. Rh5 Bxc1 32. f4 b5+ 33. Kh2 Kh7 34. Qg5 Bxf4 35. Rxh6# 1-0

[Event "January 9 Late 2024"]
[Site "https://www.chess.com"]
[Date "2024.01.09"]
[Round "4"]
[White "Khatoev, Eduard"]
[Black "Suder, Jakub"]
[Result "0-1"]
[Board "80"]
[TimeControl "180+1"]
[WhiteFideId "24145076"]
[BlackFideId "1195310"]
[WhiteElo "2728"]
[BlackElo "2535"]
[WhiteTeam "RUS"]
[BlackTeam "POL"]
[WhiteClock "0:01:41"]
[BlackClock "0:01:50"]

1. Nf3 d5 2. e3 Nf6 3. d4 Bg4 4. h3 Bxf3 5. Qxf3 e6 6. a3 Nbd7 7. Nc3 c6 8. Bd3 Bd6 9. O-O e5 10. dxe5 Nxe5 11. Qd1 Nxd3 12. cxd3 O-O 13. Bd2 Re8 14. Rc1 h6 15. Qc2 Qe7 16. f4 d4 17. exd4 Qd7 18. Ne4 Be7 19. Be3 Nd5 20. Bd2 Nf6 21. Qc4 Rad8 22. Bc3 Nd5 23. Rf3 Bd6 24. Bd2 f5 25. Nc3 Qf7 26. Nxd5 Qxd5 27. Qxd5+ cxd5 28. Re3 Kf7 29. Kf2 Rc8 30. Rxe8 Rxe8 31. g3 Ke6 32. Be3 Kd7 33. Kf3 Rc8 34. Rxc8 Kxc8 35. a4 a6 36. g4 g6 37. gxf5 gxf5 38. Bf2 b5 39. axb5 axb5 40. Bh4 Kb7 41. Bf6 Kb6 42. h4 h5 43. Kg3 Ka5 44. Bd8+ Ka4 45. Bb6 Kb3 46. Bc5 Bc7 47. Kf3 Kxb2 48. Bb4 Kb3 49. Bc5 Ba5 50. Be7 Kc2 51. Kf2 Bc3 52. Bc5 Kxd3 0-1

[Event "January 9 Late 2024"]
[Site "https://www.chess.com"]
[Date "2024.01.09"]
[Round "4"]
[White "Dubnevych, Maksym"]
[Black "Syaputra, Arifa Rizki"]
[Result "1-0"]
[Board "81"]
[TimeControl "180+1"]
[WhiteFideId "14184001"]
[BlackFideId "7105100"]
[WhiteElo "2535"]
[BlackElo "2727"]
[WhiteTeam "UKR"]
[BlackTeam "INA"]
[WhiteClock "0:00:50"]
[BlackClock "0:00:00"]

1. d4 d5 2. c4 e6 3. Nf3 Nf6 4. Nc3 a6 5. c5 b6 6. cxb6 cxb6 7. Bf4 Bd6 8. e3 O-O 9. Bd3 Bb7 10. O-O Nc6 11. Rc1 Rc8 12. Bb1 b5 13. Qe2 Re8 14. Rfd1 h6 15. Bxd6 Qxd6 16. e4 dxe4 17. Nxe4 Qe7 18. Nc5 Nxd4 19. Nxd4 Rxc5 20. Nf5 Rxf5 21. Bxf5 exf5 22. Qxe7 Rxe7 23. f3 g6 24. Kf2 Kg7 25. b3 g5 26. Rc5 f4 27. Rd6 Nh7 28. h4 f6 29. h5 Nf8 30. Rc2 Kf7 31. a4 bxa4 32. bxa4 Ne6 33. Rb2 Bc8 34. Rc2 Bd7 35. Rxa6 Nd4 36. Rd2 Nf5 37. Ra7 Be6 38. Rxe7+ Kxe7 39. a5 Bc4 40. Rb2 Nd6 41. Rb6 Kd7 42. Rb8 Kc7 43. Rh8 Nf5 44. Rf8 Ne7 45. Rxf6 1-0

[Event "January 9 Late 2024"]
[Site "https://www.chess.com"]
[Date "2024.01.09"]
[Round "4"]
[White "Avramidou, Anastasia"]
[Black "Akobian, Varuzhan"]
[Result "0-1"]
[Board "82"]
[TimeControl "180+1"]
[WhiteFideId "4239873"]
[BlackFideId "13300580"]
[WhiteElo "2522"]
[BlackElo "2724"]
[WhiteTeam "GRE"]
[BlackTeam "USA"]
[WhiteClock "0:00:01"]
[BlackClock "0:02:07"]

1. Nf3 Nf6 2. c4 b6 3. Nc3 Bb7 4. d3 c5 5. e4 d6 6. g3 g6 7. Bg2 Bg7 8. O-O O-O 9. h3 Nc6 10. Be3 Rc8 11. Qd2 Nd7 12. Bh6 Nd4 13. Nxd4 cxd4 14. Bxg7 Kxg7 15. Ne2 e5 16. f4 f6 17. h4 a5 18. Bh3 Rc7 19. Bxd7 Rxd7 20. f5 gxf5 21. Rxf5 Bc8 22. g4 Kg8 23. Kh2 Rg7 24. Rg1 Bxf5 25. gxf5 Rxg1 26. Nxg1 Kh8 27. Qh6 Qe7 28. Ne2 Qg7 29. Qxg7+ Kxg7 30. Kg3 a4 31. Ng1 b5 32. b3 bxc4 33. bxc4 a3 34. Nf3 Rb8 0-1